 Dungeon Sprint DCSS version 0.20-a0-1116-gaa52201 (webtiles) character file.

1271 Punjabi the Basher (level 8, 20/93 HPs)
             Began as an Ogre Gladiator on May 8, 2017.
             Was a Follower of Nemelex Xobeh.
             Quit the game in the Dungeon (Sprint IX: "|||||||||||||||||||||||||||||").
             The game lasted 00:02:14 (605 turns).

Punjabi the Basher (Ogre Gladiator)                  Turns: 605, Time: 00:02:15

Health: 20/93      AC:  3    Str: 24    XL:     8   Next: 53%
Magic:  8/8        EV: 15    Int:  9    God:    Nemelex Xobeh [*.....]
Gold:   0          SH:  0    Dex: 17    Spells: 7/7 levels left

rFire    . . .     SeeInvis .   p - +2 morningstar of Barivin {flame, +Blink Str+4}
rCold    . . .     Gourm    .   (no shield)
rNeg     . . .     Faith    .   b - +0 robe
rPois    .         Spirit   .   c - +0 hat
rElec    .         Reflect  .   (no cloak)
rCorr    .         Harm     .   (gloves unavailable)
MR       .....     NoTele   +   (boots unavailable)
Stlth    ++........             (no amulet)
Regen    0.3/turn               q - +3 ring of dexterity
MPRegen  0.2/turn               r - +3 ring of dexterity

@: very slightly contaminated, invisible
A: unfitting armour, tough skin 1
a: Renounce Religion, Evoke Blink


You were in the Dungeon.
You worshipped Nemelex Xobeh.
Nemelex Xobeh was aware of your devotion.
You were not hungry.

You visited 1 branch

Inventory:

Hand Weapons
 a - a +0 flail
 p - the +2 morningstar of Barivin (weapon) {flame, +Blink Str+4}
   (You found it in the Dungeon)

   It has been specially enchanted to burn those struck by it, causing extra
   injury to most foes and up to half again as much damage against particularly
   susceptible opponents.
   It affects your strength (+4).
   It lets you blink.
 s - a +0 giant club
Missiles
 d - 3 throwing nets (quivered)
Armour
 b - a +0 robe (worn)
 c - a +0 hat (worn)
Jewellery
 q - a +3 ring of dexterity (left hand)
 r - a +3 ring of dexterity (right hand)
Wands
 n - a wand of acid (7/15)
Scrolls
 k - 2 scrolls of blinking
 l - 3 scrolls of remove curse
 m - 2 scrolls of amnesia
Potions
 g - 2 potions of heal wounds
 h - a potion of haste
 i - 4 potions of magic
 j - 4 potions of curing
Miscellaneous
 e - a plain deck of destruction
 o - a plain deck of destruction
Comestibles
 f - a bread ration


   Skills:
 + Level 10.0 Fighting
 * Level 13.5 Maces & Flails
 - Level 2.2 Throwing
 + Level 7.6 Dodging


You had 7 spell levels left.
You didn't know any spells.

Dungeon Overview and Level Annotations

Branches:
Dungeon (1/1)

Altars:
Cheibriados
Dithmenos
Elyvilon
Fedhas
Gozag
Hepliaklqana
Kikubaaqudgha
Makhleb
Nemelex Xobeh
Okawaru
Qazlal
Ru
Sif Muna
Trog
Uskayaw
Vehumet
Wu Jian
Xom
Yredelemnul
Zin
The Shining One
Beogh
Jiyva
Lugonu


Innate Abilities, Weirdness & Mutations

You are too large for most types of armour.
You have tough skin. (AC +1)


Message History

You hit the orc warrior. You burn the orc warrior.
The orc warrior is moderately wounded.
The orc warrior barely misses you.
You hit the orc warrior but do no damage.
The orc warrior is moderately wounded.
The orc warrior misses you.
You puncture the orc warrior! You burn the orc warrior!
You kill the orc warrior!
Your Fighting skill increases to level 10!
Unknown command.
Things that are here:
a halberd; a chain mail You open the door.
There is an open door here.
Nemelex Xobeh grants you a gift! Something appears at your feet!
You see here a plain deck of destruction.
You see here a plain deck of destruction.
e - a plain deck of destruction Are you sure you want to abandon this character and quit the game? (Confirm with "yes".)

▓▓▓▓▓▓▓▓▓▓▓▓▓▓▓▓▓▓▓▓▓▓▓▓
▓..'.....)†......)..[[[)
▓.▓▓▓▓▓▓▓▓▓▓▓▓▓▓▓▓▓▓▓▓▓▓
▓......@........
▓▓▓▓▓▓▓▓▓▓▓▓▓▓▓▓


There were no monsters in sight!

Vanquished Creatures
  An unseen horror (D)
  A hippogriff (D)
  A vampire (D)
  A hungry ghost (D)
  An orc warrior (D)
  An ogre (D)
  A wight (D)
  A crimson imp (D)
  3 worker ants (D)
  An adder (D)
  An orc (D)
  A bat zombie (D)
  2 goblins (D)
  A jackal (D)
  2 bats (D)
  A frilled lizard (D)
  A quokka skeleton (D)
  A rat (D)
22 creatures vanquished.

Notes
Turn   | Place    | Note
-------+----------+-------------------------------------------
     0 | D        | Punjabi the Ogre Gladiator began the quest for the Orb.
     0 | D        | Reached XP level 1. HP: 22/22 MP: 1/1
     7 | D        | Reached skill level 3 in Maces & Flails
    18 | D        | Noticed a worker ant
    18 | D        | Noticed a worker ant
    27 | D        | Killed a worker ant
    27 | D        | Reached skill level 5 in Maces & Flails
    27 | D        | Reached XP level 2. HP: 23/31 MP: 2/2
    27 | D        | Reached XP level 3. HP: 28/37 MP: 3/3
    41 | D        | Reached skill level 6 in Maces & Flails
    48 | D        | Found a roughly hewn altar of Beogh.
    48 | D        | Found a snail-covered altar of Cheibriados.
    48 | D        | Found a shadowy altar of Dithmenos.
    48 | D        | Found a white marble altar of Elyvilon.
    48 | D        | Found a blossoming altar of Fedhas.
    48 | D        | Found an opulent altar of Gozag.
    49 | D        | Found a hazy altar of Hepliaklqana.
    50 | D        | Found a viscous altar of Jiyva.
    51 | D        | Found an ancient bone altar of Kikubaaqudgha.
    52 | D        | Found a corrupted altar of Lugonu.
    53 | D        | Found a burning altar of Makhleb.
    54 | D        | Found a sparkling altar of Nemelex Xobeh.
    55 | D        | Found an iron altar of Okawaru.
    56 | D        | Found a stormy altar of Qazlal.
    57 | D        | Found a sacrificial altar of Ru.
    58 | D        | Found a deep blue altar of Sif Muna.
    59 | D        | Found a bloodstained altar of Trog.
    60 | D        | Found a hide-covered altar of Uskayaw.
    61 | D        | Found a radiant altar of Vehumet.
    62 | D        | Became a worshipper of Nemelex Xobeh the Trickster
    63 | D        | Found an ornate altar of the Wu Jian Council.
    64 | D        | Found a shimmering altar of Xom.
    65 | D        | Found a basalt altar of Yredelemnul.
    66 | D        | Found a glowing silver altar of Zin.
    67 | D        | Found a glowing golden altar of the Shining One.
    83 | D        | Received a gift from Nemelex Xobeh
    95 | D        | Got the +2 morningstar of Barivin {flame, +Blink Str+4}
   285 | D        | Noticed an ogre
   285 | D        | Noticed a hungry ghost
   288 | D        | Reached XP level 4. HP: 48/48 MP: 4/4
   304 | D        | Killed a hungry ghost
   304 | D        | Reached skill level 9 in Maces & Flails
   304 | D        | Reached skill level 5 in Dodging
   304 | D        | Reached XP level 5. HP: 40/59 MP: 5/5
   304 | D        | Reached XP level 6. HP: 46/67 MP: 6/6
   315 | D        | Reached skill level 10 in Maces & Flails
   554 | D        | Noticed an orc warrior
   554 | D        | Noticed a vampire
   554 | D        | Noticed a hippogriff
   562 | D        | Killed a hippogriff
   562 | D        | Reached skill level 11 in Maces & Flails
   562 | D        | Reached XP level 7. HP: 55/80 MP: 7/7
   574 | D        | Killed an unseen horror
   574 | D        | Reached skill level 13 in Maces & Flails
   574 | D        | Reached XP level 8. HP: 29/92 MP: 8/8
   578 | D        | Killed a vampire
   583 | D        | Reached skill level 10 in Fighting
   601 | D        | Reached * piety under Nemelex Xobeh
   601 | D        | Received a gift from Nemelex Xobeh
   605 | D        | Quit the game

Vault maps used:
D:        linesprint

Skill      XL: |  1  2  3  4  5  6  7  8 |
---------------+-------------------------+-----
Maces & Flails | 5 6 9 11 13 | 13.5
Dodging        | 3 4 5 6 7 |  7.6
Fighting       | 3 4 6 8 9 10 | 10.0
Throwing       | |  2.2

Action                   |  1- 3 |  4- 6 |  7- 9 || total
-------------------------+-------+-------+-------++-------
Melee: Flail             |    29 |       |       ||    29
       Morningstar       |     3 |    35 |    18 ||    56
  Use: Potion            |     2 |       |     2 ||     4
  Eat: Chunk             |       |     2 |       ||     2
Armor: Robe              |     1 |     5 |     2 ||     8
Dodge: Dodged            |    21 |    19 |     9 ||    49
